 Dungeon Sprint DCSS version 0.26-a0-1222-g14533b3512 (webtiles) character file.

Game seed: 14187177455351644819

12047 reriks the Acrobat (level 11, -3/151 HPs)
             Began as a Merfolk Berserker on Dec 31, 2020.
             Was the Champion of Trog.
             Slain by the 26-headed Lernaean hydra (8 damage)
             ... in the Dungeon (Sprint II: "The Violet Keep of Menkaure").
             The game lasted 00:10:02 (3155 turns).

reriks the Acrobat (Merfolk Berserker)              Turns: 3155, Time: 00:10:03

Health: -3/151     AC: 19    Str: 27    XL:     11   Next: 87%
Magic:  11/11      EV: 21    Int:  6    God:    Trog [******]
Gold:   1141       SH:  0    Dex: 14    Spells: 10/10 levels left

rFire    . . .     SeeInvis .   k - +10 halberd "Roti" {vorpal, rN++ Will- Str+6}
rCold    + . .     Faith    +   (shield currently unavailable)
rNeg     + + .     Spirit   .   l - +2 chain mail {rC+}
rPois    +         Reflect  .   z - +0 helmet
rElec    .         Harm     .   d - +0 cloak
rCorr    .         Rampage  .   C - +0 pair of gloves
Will     .....     NoTele   +   A - +0 pair of boots (curse)
Stlth    ..........             u - amulet of faith
HPRegen  0.35/turn              j - ring of poison resistance
MPRegen  0.12/turn              (no ring)

@: berserking, very slightly contaminated, invisible, very quick
A: change form in water, swift swim, stealthy swim
a: Renounce Religion, Berserk, Trog's Hand, Brothers in Arms


You were in the Dungeon.
You worshipped Trog.
Trog was exalted by your worship.
You visited 1 branch You collected 1907 gold pieces.
You spent 766 gold pieces at shops.

Inventory:

Hand Weapons
 a - a +0 spear
 i - a +2 vorpal spear
 k - the +10 halberd "Roti" (weapon) {vorpal, rN++ Will- Str+6}
   (You bought it in a shop in the Dungeon)

   It inflicts extra damage upon your enemies.
   It affects your strength (+6).
   It greatly protects you from negative energy.
   It affects your willpower, your defense against some magical effects.
 n - the +4 halberd "Awuateps" {vorpal, +Blink rElec Str+2 Dex-5}
   (Trog gifted it to you in the Dungeon)

   It inflicts extra damage upon your enemies.
   It affects your strength (+2).
   It affects your dexterity (-5).
   It insulates you from electricity.
   It lets you blink.
 q - a +1 quarterstaff
 x - a +3 vorpal glaive
Missiles
 y - 2 boomerangs of dispersal
Armour
 b - a +0 animal skin
 d - a +0 cloak (worn)
 l - a +2 chain mail of cold resistance (worn)
 o - a +0 plate armour
 z - a +0 helmet (worn)
 A - a cursed +0 pair of boots (worn)
 C - a +0 pair of gloves (worn)
Jewellery
 j - a ring of poison resistance (left hand)
 u - an amulet of faith (around neck)
Scrolls
 h - 2 scrolls of blinking
 p - a scroll of immolation
 r - a scroll of remove curse
 t - a scroll of amnesia {unknown}
 B - a scroll of identify
 D - a scroll of acquirement {unknown}
Potions
 c - 2 potions of curing
 e - a potion of haste
 f - 5 potions of magic
 g - 2 potions of berserk rage
 m - a potion of lignification
 v - 3 potions of resistance
 w - 3 potions of flight


   Skills:
 + Level 14.6 Fighting
 - Level 16.1 Polearms
 + Level 10.6 Armour
 * Level 22.2 Dodging


You had 10 spell levels left.
You didn't know any spells.
Your spell library was empty.

Dungeon Overview and Level Annotations

Branches:
Dungeon (1/1)

Altars:
Cheibriados
Dithmenos
Elyvilon
Fedhas
Gozag
Hepliaklqana
Kikubaaqudgha
Makhleb
Nemelex Xobeh
Okawaru
Qazlal
Ru
Sif Muna
Trog
Uskayaw
Vehumet
Wu Jian
Xom
Yredelemnul
Zin
The Shining One
Beogh
Jiyva
Lugonu

Shops:
D ?!:((!!:==!}[[[

Annotations:
D Lernaean hydra, Roxanne


Message History

The 26-headed Lernaean hydra bites you!
The 26-headed Lernaean hydra bites you but does no damage.
The 26-headed Lernaean hydra bites you.
* * * LOW HITPOINT WARNING * * *
The 26-headed Lernaean hydra bites you!
* * * LOW HITPOINT WARNING * * *
The 26-headed Lernaean hydra bites you.
* * * LOW HITPOINT WARNING * * *
The 26-headed Lernaean hydra bites you but does no damage.
The 26-headed Lernaean hydra bites you!
* * * LOW HITPOINT WARNING * * *
The 26-headed Lernaean hydra completely misses you. x2
The 26-headed Lernaean hydra bites you.
* * * LOW HITPOINT WARNING * * *
The 26-headed Lernaean hydra bites you but does no damage.
The 26-headed Lernaean hydra bites you!
* * * LOW HITPOINT WARNING * * *
The 26-headed Lernaean hydra bites you but does no damage.
The 26-headed Lernaean hydra bites you!
You die...

##....⌠...'≈'##.'.<.
##........#≈##..##)#
#▓▓▓▓▓▓▓###≈##.###'#
##...######≈≈####...
#[..#).'^##≈≈≈#..#.
#∩.[)..#+##'#≈##...
#)..#.##○##.#≈≈##'#
#...###≈○°####≈≈≈≈≈
##@###≈○°.§# #'○'#'
#.D.##.°≈≈≈###○.°○°
##'###°°○○°##°○.°..
#...#+§○≈≈≈°..○°.○°
##'###§°○§≈##.○..°○
#$.$##○≈○≈.###...○.
##+###.≈○≈≈# ####+#
##.≈≈## .## ##≈#
.^...


You could see the 26-headed Lernaean hydra.

Vanquished Creatures
  Nikola (D)
  An obsidian statue (D)
  2 unseen horrors (D)
  2 deep trolls (D)
  An oklob plant (D)
  A merfolk siren (D)
  2 toenail golems (D)
  A yaktaur (D)
  5 polar bears (D)
  3 slime creatures (D)
  A hornet (D)
  12 flying skulls (D)
  2 wyverns (D)
  4 neqoxecs (D)
  Menkaure (D)
  4 water moccasins (D)
  A scorpion (D)
  3 worms (D)
47 creatures vanquished.

Vanquished Creatures (others)
  A water moccasin (D)
1 creature vanquished.

Grand Total: 48 creatures vanquished

Notes
Turn   | Place    | Note
-------+----------+-------------------------------------------
     0 | D        | reriks the Merfolk Berserker began the quest for the Orb.
     0 | D        | Reached XP level 1. HP: 18/18 MP: 1/1
     1 | D        | Noticed a wyvern
     1 | D        | Noticed a wyvern
    16 | D        | Reached skill level 5 in Polearms
    16 | D        | Reached skill level 3 in Dodging
    21 | D        | Killed a water moccasin
    27 | D        | Reached XP level 2. HP: 21/25 MP: 2/2
    69 | D        | Noticed Menkaure
    77 | D        | Killed Menkaure
    77 | D        | Reached ** piety under Trog
    78 | D        | Reached skill level 6 in Dodging
    78 | D        | Reached XP level 3. HP: 25/31 MP: 3/3
    78 | D        | Reached XP level 4. HP: 31/38 MP: 4/4
   227 | D        | Noticed a neqoxec
   227 | D        | Noticed a neqoxec
   227 | D        | Noticed a neqoxec
   227 | D        | Noticed a neqoxec
   231 | D        | Killed a neqoxec
   232 | D        | Reached skill level 10 in Polearms
   232 | D        | Reached skill level 8 in Dodging
   232 | D        | Reached XP level 5. HP: 46/46 MP: 5/5
   237 | D        | Killed a neqoxec
   237 | D        | Reached *** piety under Trog
   238 | D        | Reached skill level 10 in Dodging
   238 | D        | Reached XP level 6. HP: 53/53 MP: 6/6
   242 | D        | Killed a neqoxec
   243 | D        | Reached skill level 11 in Dodging
   243 | D        | Reached XP level 7. HP: 60/60 MP: 7/7
   254 | D        | Killed a neqoxec
   309 | D        | Killed a wyvern
   309 | D        | Reached **** piety under Trog
   310 | D        | Reached skill level 5 in Armour
   310 | D        | Reached skill level 12 in Dodging
   312 | D        | Killed a wyvern
   313 | D        | Reached XP level 8. HP: 68/68 MP: 8/8
   474 | D        | Noticed a merfolk siren
   479 | D        | Killed a merfolk siren
   480 | D        | Reached skill level 13 in Dodging
   638 | D        | Found Ypiasket's Distillery.
   638 | D        | Found Camets's Book Boutique.
   638 | D        | Found Rexzun's Antique Armour Shop.
   638 | D        | Found Buixurak's Jewellery Boutique.
   638 | D        | Found Keism's Armour Shop.
   638 | D        | Found Utavojen's Jewellery Boutique.
   638 | D        | Found Foitz's Distillery.
   638 | D        | Found Gioryxuf's Gadget Boutique.
   638 | D        | Found Nisiwk's Antique Armour Boutique.
   639 | D        | Found Feck's Distillery.
   639 | D        | Noticed a polar bear
   641 | D        | Found Monuosu's Weapon Boutique.
   641 | D        | Found Zavoplou's Antique Weapon Shop.
   641 | D        | Noticed a polar bear
   641 | D        | Noticed an oklob plant
   644 | D        | Noticed a slime creature
   648 | D        | Reached ***** piety under Trog
   648 | D        | Noticed a slime creature
   649 | D        | Reached skill level 15 in Polearms
   710 | D        | Found Mettyaqi's Book Shoppe.
   710 | D        | Found Utada's Distillery.
   710 | D        | Found Cewkuf's Magic Scroll Boutique.
   858 | D        | Bought an uncursed ring of poison resistance for 260 gold
                  | pieces
   866 | D        | Bought a slimy halberd for 270 gold pieces
   866 | D        | Identified the +10 halberd "Roti" {vorpal, rN++ Will-
                  | Str+6} (You bought it in a shop in the Dungeon)
   873 | D        | Bought a +2 chain mail of cold resistance for 236 gold
                  | pieces
   900 | D        | Noticed an obsidian statue
   911 | D        | Found an opulent altar of Gozag.
   912 | D        | Found a blossoming altar of Fedhas.
   913 | D        | Found a white marble altar of Elyvilon.
   913 | D        | Found a burning altar of Makhleb.
   914 | D        | Found a shadowy altar of Dithmenos.
   914 | D        | Found a corrupted altar of Lugonu.
   922 | D        | Found a snail-covered altar of Cheibriados.
   922 | D        | Found an ancient bone altar of Kikubaaqudgha.
   922 | D        | Found a bloodstained altar of Trog.
   923 | D        | Noticed a polar bear
   925 | D        | Noticed a hornet
   941 | D        | Killed a polar bear
   942 | D        | Reached skill level 14 in Dodging
  1107 | D        | Killed a hornet
  1108 | D        | Reached XP level 9. HP: 77/77 MP: 9/9
  1250 | D        | Noticed a yaktaur
  1260 | D        | Killed a yaktaur
  1260 | D        | Received a gift from Trog
  1261 | D        | Got a crude halberd {god gift}
  1499 | D        | Noticed a polar bear
  1512 | D        | Killed a polar bear
  1513 | D        | Reached skill level 10 in Fighting
  1513 | D        | Reached skill level 15 in Dodging
  1658 | D        | Noticed a polar bear
  1669 | D        | Killed a polar bear
  1748 | D        | Found a roughly hewn altar of Beogh.
  1748 | D        | Found a viscous altar of Jiyva.
  1748 | D        | Found a shimmering blue altar of Sif Muna.
  1749 | D        | Found a hazy altar of Hepliaklqana.
  1749 | D        | Found a sacrificial altar of Ru.
  1749 | D        | Found a shimmering altar of Xom.
  1750 | D        | Found a stormy altar of Qazlal.
  1750 | D        | Found an ornate altar of the Wu Jian Council.
  1758 | D        | Noticed a kraken
  1890 | D        | Identified the +4 halberd "Awuateps" {vorpal, +Blink rElec
                  | Str+2 Dex-5} (Trog gifted it to you in the Dungeon)
  1915 | D        | Reached skill level 16 in Dodging
  1987 | D        | Found a glowing golden altar of the Shining One.
  1987 | D        | Found a basalt altar of Yredelemnul.
  1987 | D        | Found a hide-covered altar of Uskayaw.
  1988 | D        | Found a glowing silver altar of Zin.
  1988 | D        | Found a radiant altar of Vehumet.
  1999 | D        | Noticed a deep troll
  1999 | D        | Noticed a deep troll
  2011 | D        | Killed a deep troll
  2020 | D        | Killed a deep troll
  2021 | D        | Reached skill level 17 in Dodging
  2021 | D        | Reached XP level 10. HP: 88/88 MP: 10/10
  2052 | D        | Found a sparkling altar of Nemelex Xobeh.
  2053 | D        | Found an iron altar of Okawaru.
  2060 | D        | Noticed Roxanne
  2131 | D        | Killed an obsidian statue
  2131 | D        | Received a gift from Trog
  2182 | D        | Reached skill level 18 in Dodging
  2193 | D        | Reached ****** piety under Trog
  2193 | D        | Received a gift from Trog
  2206 | D        | Reached skill level 19 in Dodging
  2207 | D        | Received a gift from Trog
  2534 | D        | Noticed a toenail golem
  2537 | D        | Noticed the 27-headed Lernaean hydra
  2538 | D        | Noticed a toenail golem
  2544 | D        | Killed an unseen horror
  2545 | D        | Reached XP level 11. HP: 83/97 MP: 11/11
  2562 | D        | Killed an unseen horror
  2563 | D        | Reached skill level 20 in Dodging
  2610 | D        | Received a gift from Trog
  2617 | D        | Killed an oklob plant
  2644 | D        | Noticed Nikola
  2667 | D        | Killed Nikola
  2668 | D        | Reached skill level 10 in Armour
  2668 | D        | Reached skill level 22 in Dodging
  3003 | D        | Received a gift from Trog
  3155 | D        | HP: 5/151 [the 26-headed Lernaean hydra (11)]
  3155 | D        | Slain by the 26-headed Lernaean hydra

Illustrated notes

Levels and vault maps discovered:
D:        the_violet_keep_of_menkaure [sprint2_stairs_cluster_1,
          sprint2_shoproom, sprint2_temple, sprint2_basic_supplies,
          sprint2_obstacle_3, sprint2_obstacle_6, sprint2_obstacle_5,
          sprint2_obstacle_1, sprint2_obstacle_2, sprint2_timed_cluster_1,
          sprint2_smallroom_cluster_1, sprint2_smallroom_final_cluster_1,
          sprint2_transparent_cluster_1, sprint2_second_timed_cluster_1,
          sprint2_sniper_area_1, sprint2_heavy_combat_area_1,
          sprint2_mutation_trap_area_1, sprint2_forest_area_1,
          sprint2_light_combat_area_1, sprint2_behind_water_1,
          sprint2_near_end_vault_1]

Skill      XL: |  1  2  3  4  5  6  7  8  9 10 11 |
---------------+----------------------------------+-----
Polearms       | 5 7 10 11 12 14 15 16 | 16.1
Dodging        | 3 6 8 10 11 12 14 17 19 22 | 22.2
Fighting       | 4 6 7 8 9 11 12 14 | 14.6
Armour         | 2 3 4 5 6 7 9 10 | 10.6

Action                   |  1- 3 |  4- 6 |  7- 9 | 10-12 || total
-------------------------+-------+-------+-------+-------++-------
Melee: Spear             |    28 |    16 |    36 |       ||    80
       Halberd           |       |       |    28 |   103 ||   131
       Tailslap          |       |       |     1 |       ||     1
Invok: Berserk           |     1 |     1 |     8 |     5 ||    15
       Trog's Hand       |       |       |       |     1 ||     1
  Use: Scroll            |       |       |     7 |       ||     7
       Potion            |       |       |       |     5 ||     5
 Stab: Invisible         |       |       |       |     2 ||     2
Armor: Chain mail        |       |       |    13 |    45 ||    58
Dodge: Dodged            |     7 |     2 |    22 |    93 ||   124

Table legend: (Time is in decaauts)
 A = Elapsed time spent in this place.
 B = Non-inter-level travel time spent in this place.
 C = Inter-level travel time spent in this place.
 D = Time resting spent in this place.
 E = Time spent auto-exploring this place.
 F = Levels seen in this place.
 G = Mean time per level.
                   A        B        C        D        E       F      G
               +--------+--------+--------+--------+--------+-----+--------+
         Total |   3146 |   3142 |      4 |   2377 |     88 |   1 | 3146.0 |
       Dungeon |   3146 |   3142 |      4 |   2377 |     88 |   1 | 3146.0 |
               +--------+--------+--------+--------+--------+-----+--------+

Top non-repeatable levels by time:
       D: 3146 daAuts
